Workbook

Sheet ORÇAMENTO
A1: PLANILHA ORÇAMENTÁRIA
A2: OBRA: PPCI GINÁSIO CLÓVIS SCHAEFFER e CENTRO DE EVENTOS
A3: ENDEREÇO: RUA 44 Nº 203 - BAIRRO CENTRO - SÃO JOSÉ DO HORTÊNCIO/RS
A6: Item | B6: Ref. | C6: Código | D6: Descrição | E6: Unid. | F6: Quant. | G6: Preço Unitário s/ BDI | J6: Preço Unitário c/ BDI | M6: Preço Total
G7: MAT | H7: M.O. | I7: TOTAL | J7: MAT | K7: M.O. | L7: TOTAL | M7: MAT | N7: M.O. | O7: TOTAL
A8: 1. | B8: PPCI
A9: 1.1 | B9: CPU | C9: 1 | D9: Bombas Schneider ME-33250 C150 25 CV | E9: UN | F9: 1 | G9: 25835.95 | H9: 169.96 | I9: =IF($C9="","",G9+H9) -> 26005.91 | J9: =IF($C9="","",ROUND(G9*(1+$D$113),2)) -> 32036.58 | K9: =IF($C9="","",ROUND(H9*(1+$D$113),2)) -> 210.75 | L9: =IF($C9="","",J9+K9) -> 32247.33 | M9: =IF($C9="","",ROUND(J9*$F9,2)) -> 32036.58 | N9: =IF($C9="","",ROUND(K9*$F9,2)) -> 210.75 | O9: =IF($C9="","",M9+N9) -> 32247.33
A10: 1.2 | B10: CPU | C10: 2 | D10: BOMBA Schneider BT4-05 79mm - 1CV | E10: UN | F10: 1 | G10: 3590.885 | H10: 169.96 | I10: =IF($C10="","",G10+H10) -> 3760.845 | J10: =IF($C10="","",ROUND(G10*(1+$D$113),2)) -> 4452.7 | K10: =IF($C10="","",ROUND(H10*(1+$D$113),2)) -> 210.75 | L10: =IF($C10="","",J10+K10) -> 4663.45 | M10: =IF($C10="","",ROUND(J10*$F10,2)) -> 4452.7 | N10: =IF($C10="","",ROUND(K10*$F10,2)) -> 210.75 | O10: =IF($C10="","",M10+N10) -> 4663.45
A11: 1.3 | B11: CPU | C11: 3 | D11: BUCHA DE REDUCAO DE FERRO GALVANIZADO, COM ROSCA BSP, DE 1 1/2" X 1" | E11: UN | F11: 1 | G11: 27.99 | H11: 37.9 | I11: =IF($C11="","",G11+H11) -> 65.89 | J11: =IF($C11="","",ROUND(G11*(1+$D$113),2)) -> 34.71 | K11: =IF($C11="","",ROUND(H11*(1+$D$113),2)) -> 47 | L11: =IF($C11="","",J11+K11) -> 81.71 | M11: =IF($C11="","",ROUND(J11*$F11,2)) -> 34.71 | N11: =IF($C11="","",ROUND(K11*$F11,2)) -> 47 | O11: =IF($C11="","",M11+N11) -> 81.71
A12: 1.4 | B12: CPU | C12: 4 | D12: BUCHA DE REDUCAO DE FERRO GALVANIZADO, COM ROSCA BSP, DE 1 1/4" X 1" | E12: UN | F12: 6 | G12: 23.58 | H12: 37.9 | I12: =IF($C12="","",G12+H12) -> 61.48 | J12: =IF($C12="","",ROUND(G12*(1+$D$113),2)) -> 29.24 | K12: =IF($C12="","",ROUND(H12*(1+$D$113),2)) -> 47 | L12: =IF($C12="","",J12+K12) -> 76.24 | M12: =IF($C12="","",ROUND(J12*$F12,2)) -> 175.44 | N12: =IF($C12="","",ROUND(K12*$F12,2)) -> 282 | O12: =IF($C12="","",M12+N12) -> 457.44
A13: 1.5 | B13: CPU | C13: 5 | D13: BUCHA DE REDUCAO DE FERRO GALVANIZADO, COM ROSCA BSP, DE 2 1/2" X 1 1/4" | E13: UN | F13: 6 | G13: 50.13 | H13: 37.9 | I13: =IF($C13="","",G13+H13) -> 88.03 | J13: =IF($C13="","",ROUND(G13*(1+$D$113),2)) -> 62.16 | K13: =IF($C13="","",ROUND(H13*(1+$D$113),2)) -> 47 | L13: =IF($C13="","",J13+K13) -> 109.16 | M13: =IF($C13="","",ROUND(J13*$F13,2)) -> 372.96 | N13: =IF($C13="","",ROUND(K13*$F13,2)) -> 282 | O13: =IF($C13="","",M13+N13) -> 654.96
A14: 1.6 | B14: CPU | C14: 6 | D14: BUCHA DE REDUCAO DE FERRO GALVANIZADO, COM ROSCA BSP, DE 3" X 1 1/2" | E14: UN | F14: 1 | G14: 69.68 | H14: 37.9 | I14: =IF($C14="","",G14+H14) -> 107.58 | J14: =IF($C14="","",ROUND(G14*(1+$D$113),2)) -> 86.4 | K14: =IF($C14="","",ROUND(H14*(1+$D$113),2)) -> 47 | L14: =IF($C14="","",J14+K14) -> 133.4 | M14: =IF($C14="","",ROUND(J14*$F14,2)) -> 86.4 | N14: =IF($C14="","",ROUND(K14*$F14,2)) -> 47 | O14: =IF($C14="","",M14+N14) -> 133.4
A15: 1.7 | B15: CPU | C15: 7 | D15: BUCHA DE REDUCAO DE FERRO GALVANIZADO, COM ROSCA BSP, DE 3" X 2 1/2" | E15: UN | F15: 3 | G15: 68.28 | H15: 37.9 | I15: =IF($C15="","",G15+H15) -> 106.18 | J15: =IF($C15="","",ROUND(G15*(1+$D$113),2)) -> 84.67 | K15: =IF($C15="","",ROUND(H15*(1+$D$113),2)) -> 47 | L15: =IF($C15="","",J15+K15) -> 131.67 | M15: =IF($C15="","",ROUND(J15*$F15,2)) -> 254.01 | N15: =IF($C15="","",ROUND(K15*$F15,2)) -> 141 | O15: =IF($C15="","",M15+N15) -> 395.01
A16: 1.8 | B16: CPU | C16: 8 | D16: COTOVELO 90 GRAUS DE FERRO GALVANIZADO, COM ROSCA BSP MACHO/FEMEA, DE 1" | E16: UN | F16: 8 | G16: 28.09 | H16: 37.9 | I16: =IF($C16="","",G16+H16) -> 65.99 | J16: =IF($C16="","",ROUND(G16*(1+$D$113),2)) -> 34.83 | K16: =IF($C16="","",ROUND(H16*(1+$D$113),2)) -> 47 | L16: =IF($C16="","",J16+K16) -> 81.83 | M16: =IF($C16="","",ROUND(J16*$F16,2)) -> 278.64 | N16: =IF($C16="","",ROUND(K16*$F16,2)) -> 376 | O16: =IF($C16="","",M16+N16) -> 654.64
A17: 1.9 | B17: CPU | C17: 9 | D17: COTOVELO 90 GRAUS DE FERRO GALVANIZADO, COM ROSCA BSP MACHO/FEMEA, DE 2 1/2" | E17: UN | F17: 20 | G17: 118.14 | H17: 37.9 | I17: =IF($C17="","",G17+H17) -> 156.04 | J17: =IF($C17="","",ROUND(G17*(1+$D$113),2)) -> 146.49 | K17: =IF($C17="","",ROUND(H17*(1+$D$113),2)) -> 47 | L17: =IF($C17="","",J17+K17) -> 193.49 | M17: =IF($C17="","",ROUND(J17*$F17,2)) -> 2929.8 | N17: =IF($C17="","",ROUND(K17*$F17,2)) -> 940 | O17: =IF($C17="","",M17+N17) -> 3869.8
A18: 1.10 | B18: CPU | C18: 10 | D18: COTOVELO 90 GRAUS DE FERRO GALVANIZADO, COM ROSCA BSP MACHO/FEMEA, DE 3" | E18: UN | F18: 5 | G18: 175.05 | H18: 37.9 | I18: =IF($C18="","",G18+H18) -> 212.95 | J18: =IF($C18="","",ROUND(G18*(1+$D$113),2)) -> 217.06 | K18: =IF($C18="","",ROUND(H18*(1+$D$113),2)) -> 47 | L18: =IF($C18="","",J18+K18) -> 264.06 | M18: =IF($C18="","",ROUND(J18*$F18,2)) -> 1085.3 | N18: =IF($C18="","",ROUND(K18*$F18,2)) -> 235 | O18: =IF($C18="","",M18+N18) -> 1320.3
A19: 1.11 | B19: SINAPI | C19: 92370 | D19: LUVA, EM FERRO GALVANIZADO, DN 25 (1"), CONEXÃO ROSQUEADA, INSTALADO EM REDE DE ALIMENTAÇÃO PARA HIDRANTE - FORNECIMENTO E INSTALAÇÃO. AF_10/2020 | E19: UN | F19: 14 | G19: 17.4 | H19: 21.3 | I19: =IF($C19="","",G19+H19) -> 38.7 | J19: =IF($C19="","",ROUND(G19*(1+$D$113),2)) -> 21.58 | K19: =IF($C19="","",ROUND(H19*(1+$D$113),2)) -> 26.41 | L19: =IF($C19="","",J19+K19) -> 47.99 | M19: =IF($C19="","",ROUND(J19*$F19,2)) -> 302.12 | N19: =IF($C19="","",ROUND(K19*$F19,2)) -> 369.74 | O19: =IF($C19="","",M19+N19) -> 671.86
A20: 1.12 | B20: CPU | C20: 11 | D20: NIPLE DE REDUCAO DE FERRO GALVANIZADO, COM ROSCA BSP, DE 3" X 2 1/2" | E20: UN | F20: 1 | G20: 8.9 | H20: 163.44 | I20: =IF($C20="","",G20+H20) -> 172.34 | J20: =IF($C20="","",ROUND(G20*(1+$D$113),2)) -> 11.04 | K20: =IF($C20="","",ROUND(H20*(1+$D$113),2)) -> 202.67 | L20: =IF($C20="","",J20+K20) -> 213.71 | M20: =IF($C20="","",ROUND(J20*$F20,2)) -> 11.04 | N20: =IF($C20="","",ROUND(K20*$F20,2)) -> 202.67 | O20: =IF($C20="","",M20+N20) -> 213.71
... A47: 1.39 | B47: SINAPI | C47: 102618 | D47: CAIXA D´ÁGUA EM POLIÉSTER REFORÇADO COM FIBRA DE VIDRO, 7000 LITROS - FORNECIMENTO E INSTALAÇÃO. AF_06/2021 | E47: UN | F47: 2 | G47: 4147.5 | H47: 135.11 | I47: =IF($C47="","",G47+H47) -> 4282.61 | J47: =IF($C47="","",ROUND(G47*(1+$D$113),2)) -> 5142.9 | K47: =IF($C47="","",ROUND(H47*(1+$D$113),2)) -> 167.54 | L47: =IF($C47="","",J47+K47) -> 5310.44 | M47: =IF($C47="","",ROUND(J47*$F47,2)) -> 10285.8 | N47: =IF($C47="","",ROUND(K47*$F47,2)) -> 335.08 | O47: =IF($C47="","",M47+N47) -> 10620.88
A48: ="TOTAL SUBITEM "&A8&" - "&B8 -> TOTAL SUBITEM 1. - PPCI | M48: =SUM(M9:M47) -> 107977.5 | N48: =SUM(N9:N47) -> 11667.08 | O48: =SUM(O9:O47) -> 119644.58
A49: 2. | B49: ALIMENTAÇÃO
A50: 2.1 | B50: SINAPI | C50: 94500 | D50: REGISTRO DE GAVETA BRUTO, LATÃO, ROSCÁVEL, 3" - FORNECIMENTO E INSTALAÇÃO. AF_08/2021 | E50: UN | F50: 2 | G50: 390.33 | H50: 24.71 | I50: =IF($C50="","",G50+H50) -> 415.04 | J50: =IF($C50="","",ROUND(G50*(1+$D$113),2)) -> 484.01 | K50: =IF($C50="","",ROUND(H50*(1+$D$113),2)) -> 30.64 | L50: =IF($C50="","",J50+K50) -> 514.65 | M50: =IF($C50="","",ROUND(J50*$F50,2)) -> 968.02 | N50: =IF($C50="","",ROUND(K50*$F50,2)) -> 61.28 | O50: =IF($C50="","",M50+N50) -> 1029.3
A51: 2.2 | B51: SINAPI | C51: 89353 | D51: REGISTRO DE GAVETA BRUTO, LATÃO, ROSCÁVEL, 3/4" - FORNECIMENTO E INSTALAÇÃO. AF_08/2021 | E51: UN | F51: 2 | G51: 41.7 | H51: 4.76 | I51: =IF($C51="","",G51+H51) -> 46.46 | J51: =IF($C51="","",ROUND(G51*(1+$D$113),2)) -> 51.71 | K51: =IF($C51="","",ROUND(H51*(1+$D$113),2)) -> 5.9 | L51: =IF($C51="","",J51+K51) -> 57.61 | M51: =IF($C51="","",ROUND(J51*$F51,2)) -> 103.42 | N51: =IF($C51="","",ROUND(K51*$F51,2)) -> 11.8 | O51: =IF($C51="","",M51+N51) -> 115.22
A52: 2.3 | B52: SINAPI | C52: 94703 | D52: ADAPTADOR COM FLANGE E ANEL DE VEDAÇÃO, PVC, SOLDÁVEL, DN 25 MM X 3/4 , INSTALADO EM RESERVAÇÃO DE ÁGUA DE EDIFICAÇÃO QUE POSSUA RESERVATÓRIO DE FIBRA/FIBROCIMENTO FORNECIMENTO E INSTALAÇÃO. AF_06/2016 | E52: UN | F52: 1 | G52: 17.12 | H52: 5.89 | I52: =IF($C52="","",G52+H52) -> 23.01 | J52: =IF($C52="","",ROUND(G52*(1+$D$113),2)) -> 21.23 | K52: =IF($C52="","",ROUND(H52*(1+$D$113),2)) -> 7.3 | L52: =IF($C52="","",J52+K52) -> 28.53 | M52: =IF($C52="","",ROUND(J52*$F52,2)) -> 21.23 | N52: =IF($C52="","",ROUND(K52*$F52,2)) -> 7.3 | O52: =IF($C52="","",M52+N52) -> 28.53
A53: 2.4 | B53: SINAPI | C53: 94704 | D53: ADAPTADOR COM FLANGE E ANEL DE VEDAÇÃO, PVC, SOLDÁVEL, DN 32 MM X 1 , INSTALADO EM RESERVAÇÃO DE ÁGUA DE EDIFICAÇÃO QUE POSSUA RESERVATÓRIO DE FIBRA/FIBROCIMENTO FORNECIMENTO E INSTALAÇÃO. AF_06/2016 | E53: UN | F53: 1 | G53: 24.08 | H53: 5.88 | I53: =IF($C53="","",G53+H53) -> 29.96 | J53: =IF($C53="","",ROUND(G53*(1+$D$113),2)) -> 29.86 | K53: =IF($C53="","",ROUND(H53*(1+$D$113),2)) -> 7.29 | L53: =IF($C53="","",J53+K53) -> 37.15 | M53: =IF($C53="","",ROUND(J53*$F53,2)) -> 29.86 | N53: =IF($C53="","",ROUND(K53*$F53,2)) -> 7.29 | O53: =IF($C53="","",M53+N53) -> 37.15
A54: 2.5 | B54: SINAPI | C54: 94658 | D54: ADAPTADOR CURTO COM BOLSA E ROSCA PARA REGISTRO, PVC, SOLDÁVEL, DN 32 MM X 1 , INSTALADO EM RESERVAÇÃO DE ÁGUA DE EDIFICAÇÃO QUE POSSUA RESERVATÓRIO DE FIBRA/FIBROCIMENTO FORNECIMENTO E INSTALAÇÃO. AF_06/2016 | E54: UN | F54: 4 | G54: 4.56 | H54: 3.47 | I54: =IF($C54="","",G54+H54) -> 8.03 | J54: =IF($C54="","",ROUND(G54*(1+$D$113),2)) -> 5.65 | K54: =IF($C54="","",ROUND(H54*(1+$D$113),2)) -> 4.3 | L54: =IF($C54="","",J54+K54) -> 9.95 | M54: =IF($C54="","",ROUND(J54*$F54,2)) -> 22.6 | N54: =IF($C54="","",ROUND(K54*$F54,2)) -> 17.2 | O54: =IF($C54="","",M54+N54) -> 39.8
A55: 2.6 | B55: SINAPI | C55: 94668 | D55: ADAPTADOR CURTO COM BOLSA E ROSCA PARA REGISTRO, PVC, SOLDÁVEL, DN 85 MM X 3 , INSTALADO EM RESERVAÇÃO DE ÁGUA DE EDIFICAÇÃO QUE POSSUA RESERVATÓRIO DE FIBRA/FIBROCIMENTO FORNECIMENTO E INSTALAÇÃO. AF_06/2016 | E55: UN | F55: 4 | G55: 46.34 | H55: 14.01 | I55: =IF($C55="","",G55+H55) -> 60.35 | J55: =IF($C55="","",ROUND(G55*(1+$D$113),2)) -> 57.46 | K55: =IF($C55="","",ROUND(H55*(1+$D$113),2)) -> 17.37 | L55: =IF($C55="","",J55+K55) -> 74.83 | M55: =IF($C55="","",ROUND(J55*$F55,2)) -> 229.84 | N55: =IF($C55="","",ROUND(K55*$F55,2)) -> 69.48 | O55: =IF($C55="","",M55+N55) -> 299.32
A56: 2.7 | B56: ORSE | C56: 1100 | D56: CAP DE PVC RÍGIDO SOLDÁVEL, MARROM, DIâMETRO 85MM | E56: UN | F56: 1 | G56: 40.25 | H56: 2.96 | I56: =G56+H56 -> 43.21 | J56: =IF($C56="","",ROUND(G56*(1+$D$113),2)) -> 49.91 | K56: =IF($C56="","",ROUND(H56*(1+$D$113),2)) -> 3.67 | L56: =IF($C56="","",J56+K56) -> 53.58 | M56: =IF($C56="","",ROUND(J56*$F56,2)) -> 49.91 | N56: =IF($C56="","",ROUND(K56*$F56,2)) -> 3.67 | O56: =IF($C56="","",M56+N56) -> 53.58
A57: 2.8 | B57: SINAPI | C57: 89408 | D57: JOELHO 90 GRAUS, PVC, SOLDÁVEL, DN 25MM, INSTALADO EM RAMAL DE DISTRIBUIÇÃO DE ÁGUA - FORNECIMENTO E INSTALAÇÃO. AF_06/2022 | E57: UN | F57: 3 | G57: 3.33 | H57: 5.94 | I57: =IF($C57="","",G57+H57) -> 9.27 | J57: =IF($C57="","",ROUND(G57*(1+$D$113),2)) -> 4.13 | K57: =IF($C57="","",ROUND(H57*(1+$D$113),2)) -> 7.37 | L57: =IF($C57="","",J57+K57) -> 11.5 | M57: =IF($C57="","",ROUND(J57*$F57,2)) -> 12.39 | N57: =IF($C57="","",ROUND(K57*$F57,2)) -> 22.11 | O57: =IF($C57="","",M57+N57) -> 34.5
A58: 2.9 | B58: SINAPI | C58: 94684 | D58: JOELHO 90 GRAUS, PVC, SOLDÁVEL, DN 85 MM INSTALADO EM RESERVAÇÃO DE ÁGUA DE EDIFICAÇÃO QUE POSSUA RESERVATÓRIO DE FIBRA/FIBROCIMENTO FORNECIMENTO E INSTALAÇÃO. AF_06/2016 | E58: UN | F58: 1 | G58: 132.04 | H58: 21.05 | I58: =IF($C58="","",G58+H58) -> 153.09 | J58: =IF($C58="","",ROUND(G58*(1+$D$113),2)) -> 163.73 | K58: =IF($C58="","",ROUND(H58*(1+$D$113),2)) -> 26.1 | L58: =IF($C58="","",J58+K58) -> 189.83 | M58: =IF($C58="","",ROUND(J58*$F58,2)) -> 163.73 | N58: =IF($C58="","",ROUND(K58*$F58,2)) -> 26.1 | O58: =IF($C58="","",M58+N58) -> 189.83
A59: 2.10 | B59: SINAPI | C59: 94648 | D59: TUBO, PVC, SOLDÁVEL, DN 25 MM, INSTALADO EM RESERVAÇÃO DE ÁGUA DE EDIFICAÇÃO QUE POSSUA RESERVATÓRIO DE FIBRA/FIBROCIMENTO FORNECIMENTO E INSTALAÇÃO. AF_06/2016 | E59: M | F59: 9.7 | G59: 6.1 | H59: 5.79 | I59: =IF($C59="","",G59+H59) -> 11.89 | J59: =IF($C59="","",ROUND(G59*(1+$D$113),2)) -> 7.56 | K59: =IF($C59="","",ROUND(H59*(1+$D$113),2)) -> 7.18 | L59: =IF($C59="","",J59+K59) -> 14.74 | M59: =IF($C59="","",ROUND(J59*$F59,2)) -> 73.33 | N59: =IF($C59="","",ROUND(K59*$F59,2)) -> 69.65 | O59: =IF($C59="","",M59+N59) -> 142.98
A60: 2.11 | B60: SINAPI | C60: 94654 | D60: TUBO, PVC, SOLDÁVEL, DN 85 MM, INSTALADO EM RESERVAÇÃO DE ÁGUA DE EDIFICAÇÃO QUE POSSUA RESERVATÓRIO DE FIBRA/FIBROCIMENTO FORNECIMENTO E INSTALAÇÃO. AF_06/2016 | E60: M | F60: 5.5 | G60: 66.9 | H60: 23.35 | I60: =IF($C60="","",G60+H60) -> 90.25 | J60: =IF($C60="","",ROUND(G60*(1+$D$113),2)) -> 82.96 | K60: =IF($C60="","",ROUND(H60*(1+$D$113),2)) -> 28.95 | L60: =IF($C60="","",J60+K60) -> 111.91 | M60: =IF($C60="","",ROUND(J60*$F60,2)) -> 456.28 | N60: =IF($C60="","",ROUND(K60*$F60,2)) -> 159.23 | O60: =IF($C60="","",M60+N60) -> 615.51
A61: 2.12 | B61: SINAPI | C61: 94688 | D61: TÊ, PVC, SOLDÁVEL, DN 25 MM INSTALADO EM RESERVAÇÃO DE ÁGUA DE EDIFICAÇÃO QUE POSSUA RESERVATÓRIO DE FIBRA/FIBROCIMENTO FORNECIMENTO E INSTALAÇÃO. AF_06/2016 | E61: UN | F61: 1 | G61: 5.51 | H61: 6.9 | I61: =IF($C61="","",G61+H61) -> 12.41 | J61: =IF($C61="","",ROUND(G61*(1+$D$113),2)) -> 6.83 | K61: =IF($C61="","",ROUND(H61*(1+$D$113),2)) -> 8.56 | L61: =IF($C61="","",J61+K61) -> 15.39 | M61: =IF($C61="","",ROUND(J61*$F61,2)) -> 6.83 | N61: =IF($C61="","",ROUND(K61*$F61,2)) -> 8.56 | O61: =IF($C61="","",M61+N61) -> 15.39
A62: 2.13 | B62: SINAPI | C62: 94699 | D62: TÊ, PVC, SOLDÁVEL, DN 85 MM INSTALADO EM RESERVAÇÃO DE ÁGUA DE EDIFICAÇÃO QUE POSSUA RESERVATÓRIO DE FIBRA/FIBROCIMENTO FORNECIMENTO E INSTALAÇÃO. AF_06/2016 | E62: UN | F62: 1 | G62: 113.54 | H62: 28.03 | I62: =IF($C62="","",G62+H62) -> 141.57 | J62: =IF($C62="","",ROUND(G62*(1+$D$113),2)) -> 140.79 | K62: =IF($C62="","",ROUND(H62*(1+$D$113),2)) -> 34.76 | L62: =IF($C62="","",J62+K62) -> 175.55 | M62: =IF($C62="","",ROUND(J62*$F62,2)) -> 140.79 | N62: =IF($C62="","",ROUND(K62*$F62,2)) -> 34.76 | O62: =IF($C62="","",M62+N62) -> 175.55
A63: ="TOTAL SUBITEM "&A49&" - "&B49 -> TOTAL SUBITEM 2. - ALIMENTAÇÃO | M63: =SUM(M50:M62) -> 2278.23 | N63: =SUM(N50:N62) -> 498.43 | O63: =SUM(O50:O62) -> 2776.66
A64: 3. | B64: RADIER E CASA DE BOMBAS
A65: 3.1 | B65: SINAPI | C65: 93358 | D65: ESCAVAÇÃO MANUAL DE VALA COM PROFUNDIDADE MENOR OU IGUAL A 1,30 M. AF_02/2021 | E65: M3 | F65: 5.5 | G65: 21.13 | H65: 65.82 | I65: =IF($C65="","",G65+H65) -> 86.95 | J65: =IF($C65="","",ROUND(G65*(1+$D$113),2)) -> 26.2 | K65: =IF($C65="","",ROUND(H65*(1+$D$113),2)) -> 81.62 | L65: =IF($C65="","",J65+K65) -> 107.82 | M65: =IF($C65="","",ROUND(J65*$F65,2)) -> 144.1 | N65: =IF($C65="","",ROUND(K65*$F65,2)) -> 448.91 | O65: =IF($C65="","",M65+N65) -> 593.01
A66: 3.2 | B66: SINAPI | C66: 97084 | D66: COMPACTAÇÃO MECÂNICA DE SOLO PARA EXECUÇÃO DE RADIER, PISO DE CONCRETO OU LAJE SOBRE SOLO, COM COMPACTADOR DE SOLOS TIPO PLACA VIBRATÓRIA. AF_09/2021 | E66: M2 | F66: 15.2 | G66: 0.16 | H66: 0.53 | I66: =IF($C66="","",G66+H66) -> 0.69 | J66: =IF($C66="","",ROUND(G66*(1+$D$113),2)) -> 0.2 | K66: =IF($C66="","",ROUND(H66*(1+$D$113),2)) -> 0.66 | L66: =IF($C66="","",J66+K66) -> 0.86 | M66: =IF($C66="","",ROUND(J66*$F66,2)) -> 3.04 | N66: =IF($C66="","",ROUND(K66*$F66,2)) -> 10.03 | O66: =IF($C66="","",M66+N66) -> 13.07
A67: 3.3 | B67: SINAPI | C67: 97086 | D67: FABRICAÇÃO, MONTAGEM E DESMONTAGEM DE FORMA PARA RADIER, PISO DE CONCRETO OU LAJE SOBRE SOLO, EM MADEIRA SERRADA, 4 UTILIZAÇÕES. AF_09/2021 | E67: M2 | F67: 3 | G67: 41.09 | H67: 75.11 | I67: =IF($C67="","",G67+H67) -> 116.2 | J67: =IF($C67="","",ROUND(G67*(1+$D$113),2)) -> 50.95 | K67: =IF($C67="","",ROUND(H67*(1+$D$113),2)) -> 93.14 | L67: =IF($C67="","",J67+K67) -> 144.09 | M67: =IF($C67="","",ROUND(J67*$F67,2)) -> 152.85 | N67: =IF($C67="","",ROUND(K67*$F67,2)) -> 279.42 | O67: =IF($C67="","",M67+N67) -> 432.27
A68: 3.4 | B68: SINAPI | C68: 100324 | D68: LASTRO COM MATERIAL GRANULAR (PEDRA BRITADA N.1 E PEDRA BRITADA N.2), APLICADO EM PISOS OU LAJES SOBRE SOLO, ESPESSURA DE *10 CM*. AF_07/2019 | E68: M3 | F68: 0.76 | G68: 89.55 | H68: 27.5 | I68: =IF($C68="","",G68+H68) -> 117.05 | J68: =IF($C68="","",ROUND(G68*(1+$D$113),2)) -> 111.04 | K68: =IF($C68="","",ROUND(H68*(1+$D$113),2)) -> 34.1 | L68: =IF($C68="","",J68+K68) -> 145.14 | M68: =IF($C68="","",ROUND(J68*$F68,2)) -> 84.39 | N68: =IF($C68="","",ROUND(K68*$F68,2)) -> 25.92 | O68: =IF($C68="","",M68+N68) -> 110.31
A69: 3.5 | B69: SINAPI | C69: 97087 | D69: CAMADA SEPARADORA PARA EXECUÇÃO DE RADIER, PISO DE CONCRETO OU LAJE SOBRE SOLO, EM LONA PLÁSTICA. AF_09/2021 | E69: M2 | F69: 15.2 | G69: 2.98 | H69: 0.36 | I69: =IF($C69="","",G69+H69) -> 3.34 | J69: =IF($C69="","",ROUND(G69*(1+$D$113),2)) -> 3.7 | K69: =IF($C69="","",ROUND(H69*(1+$D$113),2)) -> 0.45 | L69: =IF($C69="","",J69+K69) -> 4.15 | M69: =IF($C69="","",ROUND(J69*$F69,2)) -> 56.24 | N69: =IF($C69="","",ROUND(K69*$F69,2)) -> 6.84 | O69: =IF($C69="","",M69+N69) -> 63.08
A70: 3.6 | B70: SINAPI | C70: 97090 | D70: ARMAÇÃO PARA EXECUÇÃO DE RADIER, PISO DE CONCRETO OU LAJE SOBRE SOLO, COM USO DE TELA Q-138. AF_09/2021 | E70: KG | F70: 97.416 | G70: 13.87 | H70: 0.81 | I70: =IF($C70="","",G70+H70) -> 14.68 | J70: =IF($C70="","",ROUND(G70*(1+$D$113),2)) -> 17.2 | K70: =IF($C70="","",ROUND(H70*(1+$D$113),2)) -> 1 | L70: =IF($C70="","",J70+K70) -> 18.2 | M70: =IF($C70="","",ROUND(J70*$F70,2)) -> 1675.56 | N70: =IF($C70="","",ROUND(K70*$F70,2)) -> 97.42 | O70: =IF($C70="","",M70+N70) -> 1772.98
A71: 3.7 | B71: SINAPI | C71: 97096 | D71: CONCRETAGEM DE RADIER, PISO DE CONCRETO OU LAJE SOBRE SOLO, FCK 30 MPA - LANÇAMENTO, ADENSAMENTO E ACABAMENTO. AF_09/2021 | E71: M3 | F71: 2.15 | G71: 586.3 | H71: 15.5 | I71: =IF($C71="","",G71+H71) -> 601.8 | J71: =IF($C71="","",ROUND(G71*(1+$D$113),2)) -> 727.01 | K71: =IF($C71="","",ROUND(H71*(1+$D$113),2)) -> 19.22 | L71: =IF($C71="","",J71+K71) -> 746.23 | M71: =IF($C71="","",ROUND(J71*$F71,2)) -> 1563.07 | N71: =IF($C71="","",ROUND(K71*$F71,2)) -> 41.32 | O71: =IF($C71="","",M71+N71) -> 1604.39
A72: 3.8 | B72: CPU | C72: 21 | D72: TRELIÇA NERVURADA (ESPAÇADOR) H-12 | E72: M | F72: 12 | G72: 8.18 | H72: 5.12 | I72: =IF($C72="","",G72+H72) -> 13.3 | J72: =IF($C72="","",ROUND(G72*(1+$D$113),2)) -> 10.14 | K72: =IF($C72="","",ROUND(H72*(1+$D$113),2)) -> 6.35 | L72: =IF($C72="","",J72+K72) -> 16.49 | M72: =IF($C72="","",ROUND(J72*$F72,2)) -> 121.68 | N72: =IF($C72="","",ROUND(K72*$F72,2)) -> 76.2 | O72: =IF($C72="","",M72+N72) -> 197.88
A73: 3.9 | B73: SINAPI | C73: 100367 | D73: FABRICAÇÃO E INSTALAÇÃO DE MEIA TESOURA DE MADEIRA NÃO APARELHADA, COM VÃO DE 3 M, PARA TELHA ONDULADA DE FIBROCIMENTO, ALUMÍNIO, PLÁSTICA OU TERMOACÚSTICA, INCLUSO IÇAMENTO. AF_07/2019 | E73: UN | F73: 3 | G73: 517.6 | H73: 293.31 | I73: =IF($C73="","",G73+H73) -> 810.91 | J73: =IF($C73="","",ROUND(G73*(1+$D$113),2)) -> 641.82 | K73: =IF($C73="","",ROUND(H73*(1+$D$113),2)) -> 363.7 | L73: =IF($C73="","",J73+K73) -> 1005.52 | M73: =IF($C73="","",ROUND(J73*$F73,2)) -> 1925.46 | N73: =IF($C73="","",ROUND(K73*$F73,2)) -> 1091.1 | O73: =IF($C73="","",M73+N73) -> 3016.56
A74: 3.10 | B74: SINAPI | C74: 92543 | D74: TRAMA DE MADEIRA COMPOSTA POR TERÇAS PARA TELHADOS DE ATÉ 2 ÁGUAS PARA TELHA ONDULADA DE FIBROCIMENTO, METÁLICA, PLÁSTICA OU TERMOACÚSTICA, INCLUSO TRANSPORTE VERTICAL. AF_07/2019 | E74: M2 | F74: 2.6 | G74: 12.18 | H74: 3.87 | I74: =IF($C74="","",G74+H74) -> 16.05 | J74: =IF($C74="","",ROUND(G74*(1+$D$113),2)) -> 15.1 | K74: =IF($C74="","",ROUND(H74*(1+$D$113),2)) -> 4.8 | L74: =IF($C74="","",J74+K74) -> 19.9 | M74: =IF($C74="","",ROUND(J74*$F74,2)) -> 39.26 | N74: =IF($C74="","",ROUND(K74*$F74,2)) -> 12.48 | O74: =IF($C74="","",M74+N74) -> 51.74
A75: 3.11 | B75: SINAPI | C75: 94213 | D75: TELHAMENTO COM TELHA DE AÇO/ALUMÍNIO E = 0,5 MM, COM ATÉ 2 ÁGUAS, INCLUSO IÇAMENTO. AF_07/2019 | E75: M2 | F75: 2.6 | G75: 60.07 | H75: 3.53 | I75: =IF($C75="","",G75+H75) -> 63.6 | J75: =IF($C75="","",ROUND(G75*(1+$D$113),2)) -> 74.49 | K75: =IF($C75="","",ROUND(H75*(1+$D$113),2)) -> 4.38 | L75: =IF($C75="","",J75+K75) -> 78.87 | M75: =IF($C75="","",ROUND(J75*$F75,2)) -> 193.67 | N75: =IF($C75="","",ROUND(K75*$F75,2)) -> 11.39 | O75: =IF($C75="","",M75+N75) -> 205.06
A76: 3.12 | B76: ORSE | C76: 12105 | D76: GRADE DE FERRO C/ GRADIL EM BARRA CHATA 3/4" X 1/8" | E76: M2 | F76: 6.7 | G76: 322.24 | H76: 140.09 | I76: =IF($C76="","",G76+H76) -> 462.33 | J76: =IF($C76="","",ROUND(G76*(1+$D$113),2)) -> 399.58 | K76: =IF($C76="","",ROUND(H76*(1+$D$113),2)) -> 173.71 | L76: =IF($C76="","",J76+K76) -> 573.29 | M76: =IF($C76="","",ROUND(J76*$F76,2)) -> 2677.19 | N76: =IF($C76="","",ROUND(K76*$F76,2)) -> 1163.86 | O76: =IF($C76="","",M76+N76) -> 3841.05
A77: 3.13 | B77: ORSE | C77: 8900 | D77: PORTÃO DE FERRO DE ABRIR COM UMA FOLHA, COM BARRA QUADRADA DE 1/2" NA VERTICAL, UMA BARRA DE QUADRADA DE 1/2" NA HORIZONTAL E QUADRO COM BARRA DE FERRO DE 1/2", INCLUSIVE DOBRADIÇAS, FERROLHOS E CHUMBADORES COM PARAFUSOS | E77: M2 | F77: 1.12 | G77: 617.48 | H77: 34.92 | I77: =IF($C77="","",G77+H77) -> 652.4 | J77: =IF($C77="","",ROUND(G77*(1+$D$113),2)) -> 765.68 | K77: =IF($C77="","",ROUND(H77*(1+$D$113),2)) -> 43.3 | L77: =IF($C77="","",J77+K77) -> 808.98 | M77: =IF($C77="","",ROUND(J77*$F77,2)) -> 857.56 | N77: =IF($C77="","",ROUND(K77*$F77,2)) -> 48.5 | O77: =IF($C77="","",M77+N77) -> 906.06
A78: ="TOTAL SUBITEM "&A64&" - "&B64 -> TOTAL SUBITEM 3. - RADIER E CASA DE BOMBAS | M78: =SUM(M65:M77) -> 9494.07 | N78: =SUM(N65:N77) -> 3313.39 | O78: =SUM(O65:O77) -> 12807.46
A79: 4. | B79: ESCAVAÇÕES (TUBULAÇÕES E CAIXAS)
A80: 4.1 | B80: SINAPI | C80: 93358 | D80: ESCAVAÇÃO MANUAL DE VALA COM PROFUNDIDADE MENOR OU IGUAL A 1,30 M. AF_02/2021 | E80: M3 | F80: 11.204 | G80: 21.13 | H80: 65.82 | I80: =IF($C80="","",G80+H80) -> 86.95 | J80: =IF($C80="","",ROUND(G80*(1+$D$113),2)) -> 26.2 | K80: =IF($C80="","",ROUND(H80*(1+$D$113),2)) -> 81.62 | L80: =IF($C80="","",J80+K80) -> 107.82 | M80: =IF($C80="","",ROUND(J80*$F80,2)) -> 293.54 | N80: =IF($C80="","",ROUND(K80*$F80,2)) -> 914.47 | O80: =IF($C80="","",M80+N80) -> 1208.01
A81: 4.2 | B81: SINAPI | C81: 104737 | D81: REATERRO MANUAL DE VALAS, COM PLACA VIBRATÓRIA. AF_08/2023 | E81: M3 | F81: 9.55 | G81: 7.19 | H81: 14.87 | I81: =IF($C81="","",G81+H81) -> 22.06 | J81: =IF($C81="","",ROUND(G81*(1+$D$113),2)) -> 8.92 | K81: =IF($C81="","",ROUND(H81*(1+$D$113),2)) -> 18.44 | L81: =IF($C81="","",J81+K81) -> 27.36 | M81: =IF($C81="","",ROUND(J81*$F81,2)) -> 85.19 | N81: =IF($C81="","",ROUND(K81*$F81,2)) -> 176.1 | O81: =IF($C81="","",M81+N81) -> 261.29
A82: ="TOTAL SUBITEM "&A79&" - "&B79 -> TOTAL SUBITEM 4. - ESCAVAÇÕES (TUBULAÇÕES E CAIXAS) | M82: =SUM(M80:M81) -> 378.73 | N82: =SUM(N80:N81) -> 1090.57 | O82: =SUM(O80:O81) -> 1469.3
A83: 5. | B83: QUADRO DE COMANDO DE INCÊNDIO
A84: 5.1 | B84: CPU | C84: 22 | D84: QUADRO DE COMANDO DE INCÊNDIO BOMBA DE 25CV E JOCKEY 3CV | E84: UN | F84: 1 | G84: 3902.23 | H84: 59.67 | I84: =IF($C84="","",G84+H84) -> 3961.9 | J84: =IF($C84="","",ROUND(G84*(1+$D$113),2)) -> 4838.77 | K84: =IF($C84="","",ROUND(H84*(1+$D$113),2)) -> 73.99 | L84: =IF($C84="","",J84+K84) -> 4912.76 | M84: =IF($C84="","",ROUND(J84*$F84,2)) -> 4838.77 | N84: =IF($C84="","",ROUND(K84*$F84,2)) -> 73.99 | O84: =IF($C84="","",M84+N84) -> 4912.76
A85: ="TOTAL SUBITEM "&A83&" - "&B83 -> TOTAL SUBITEM 5. - QUADRO DE COMANDO DE INCÊNDIO | M85: =SUM(M84) -> 4838.77 | N85: =SUM(N84) -> 73.99 | O85: =SUM(O84) -> 4912.76
A86: 6. | B86: ALARME DE INCÊNDIO
A87: 6.1 | B87: CPU | C87: 23 | D87: CENTRAL DE ALARME DE INCÊNDIO CONVENCIONAL 24 SETORES 12V COM BATERIA | E87: UN | F87: 1 | G87: 672.45 | H87: 21.25 | I87: =IF($C87="","",G87+H87) -> 693.7 | J87: =IF($C87="","",ROUND(G87*(1+$D$113),2)) -> 833.84 | K87: =IF($C87="","",ROUND(H87*(1+$D$113),2)) -> 26.35 | L87: =IF($C87="","",J87+K87) -> 860.19 | M87: =IF($C87="","",ROUND(J87*$F87,2)) -> 833.84 | N87: =IF($C87="","",ROUND(K87*$F87,2)) -> 26.35 | O87: =IF($C87="","",M87+N87) -> 860.19
A88: 6.2 | B88: CPU | C88: 24 | D88: ACIONADOR MANUAL COM SIRENE CONVENCIONAL 12/24V | E88: UN | F88: 7 | G88: 128.28 | H88: 7.52 | I88: =IF($C88="","",G88+H88) -> 135.8 | J88: =IF($C88="","",ROUND(G88*(1+$D$113),2)) -> 159.07 | K88: =IF($C88="","",ROUND(H88*(1+$D$113),2)) -> 9.32 | L88: =IF($C88="","",J88+K88) -> 168.39 | M88: =IF($C88="","",ROUND(J88*$F88,2)) -> 1113.49 | N88: =IF($C88="","",ROUND(K88*$F88,2)) -> 65.24 | O88: =IF($C88="","",M88+N88) -> 1178.73
A89: 6.3 | B89: SINAPI | C89: 97882 | D89: CAIXA ENTERRADA ELÉTRICA RETANGULAR, EM CONCRETO PRÉ-MOLDADO, FUNDO COM BRITA, DIMENSÕES INTERNAS: 0,4X0,4X0,4 M. AF_12/2020 | E89: UN | F89: 3 | G89: 178.12 | H89: 29.95 | I89: =IF($C89="","",G89+H89) -> 208.07 | J89: =IF($C89="","",ROUND(G89*(1+$D$113),2)) -> 220.87 | K89: =IF($C89="","",ROUND(H89*(1+$D$113),2)) -> 37.14 | L89: =IF($C89="","",J89+K89) -> 258.01 | M89: =IF($C89="","",ROUND(J89*$F89,2)) -> 662.61 | N89: =IF($C89="","",ROUND(K89*$F89,2)) -> 111.42 | O89: =IF($C89="","",M89+N89) -> 774.03
A90: 6.4 | B90: SINAPI | C90: 93009 | D90: ELETRODUTO RÍGIDO ROSCÁVEL, PVC, DN 60 MM (2"), PARA REDE ENTERRADA DE DISTRIBUIÇÃO DE ENERGIA ELÉTRICA - FORNECIMENTO E INSTALAÇÃO. AF_12/2021 | E90: M | F90: 25 | G90: 28.6 | H90: 5.47 | I90: =IF($C90="","",G90+H90) -> 34.07 | J90: =IF($C90="","",ROUND(G90*(1+$D$113),2)) -> 35.46 | K90: =IF($C90="","",ROUND(H90*(1+$D$113),2)) -> 6.78 | L90: =IF($C90="","",J90+K90) -> 42.24 | M90: =IF($C90="","",ROUND(J90*$F90,2)) -> 886.5 | N90: =IF($C90="","",ROUND(K90*$F90,2)) -> 169.5 | O90: =IF($C90="","",M90+N90) -> 1056
A91: 6.5 | B91: SINAPI | C91: 91871 | D91: ELETRODUTO RÍGIDO ROSCÁVEL, PVC, DN 25 MM (3/4"), PARA CIRCUITOS TERMINAIS, INSTALADO EM PAREDE - FORNECIMENTO E INSTALAÇÃO. AF_03/2023 | E91: M | F91: 158.2 | G91: 8.67 | H91: 7.51 | I91: =IF($C91="","",G91+H91) -> 16.18 | J91: =IF($C91="","",ROUND(G91*(1+$D$113),2)) -> 10.75 | K91: =IF($C91="","",ROUND(H91*(1+$D$113),2)) -> 9.31 | L91: =IF($C91="","",J91+K91) -> 20.06 | M91: =IF($C91="","",ROUND(J91*$F91,2)) -> 1700.65 | N91: =IF($C91="","",ROUND(K91*$F91,2)) -> 1472.84 | O91: =IF($C91="","",M91+N91) -> 3173.49
A92: 6.6 | B92: SINAPI | C92: 91863 | D92: ELETRODUTO RÍGIDO ROSCÁVEL, PVC, DN 25 MM (3/4"), PARA CIRCUITOS TERMINAIS, INSTALADO EM FORRO - FORNECIMENTO E INSTALAÇÃO. AF_03/2023 | E92: M | F92: 51 | G92: 8.02 | H92: 5.06 | I92: =IF($C92="","",G92+H92) -> 13.08 | J92: =IF($C92="","",ROUND(G92*(1+$D$113),2)) -> 9.94 | K92: =IF($C92="","",ROUND(H92*(1+$D$113),2)) -> 6.27 | L92: =IF($C92="","",J92+K92) -> 16.21 | M92: =IF($C92="","",ROUND(J92*$F92,2)) -> 506.94 | N92: =IF($C92="","",ROUND(K92*$F92,2)) -> 319.77 | O92: =IF($C92="","",M92+N92) -> 826.71
A93: 6.7 | B93: SINAPI | C93: 91884 | D93: LUVA PARA ELETRODUTO, PVC, ROSCÁVEL, DN 25 MM (3/4"), PARA CIRCUITOS TERMINAIS, INSTALADA EM PAREDE - FORNECIMENTO E INSTALAÇÃO. AF_03/2023 | E93: UN | F93: 15 | G93: 3.45 | H93: 8.4 | I93: =IF($C93="","",G93+H93) -> 11.85 | J93: =IF($C93="","",ROUND(G93*(1+$D$113),2)) -> 4.28 | K93: =IF($C93="","",ROUND(H93*(1+$D$113),2)) -> 10.42 | L93: =IF($C93="","",J93+K93) -> 14.7 | M93: =IF($C93="","",ROUND(J93*$F93,2)) -> 64.2 | N93: =IF($C93="","",ROUND(K93*$F93,2)) -> 156.3 | O93: =IF($C93="","",M93+N93) -> 220.5
A94: 6.8 | B94: SINAPI | C94: 91875 | D94: LUVA PARA ELETRODUTO, PVC, ROSCÁVEL, DN 25 MM (3/4"), PARA CIRCUITOS TERMINAIS, INSTALADA EM FORRO - FORNECIMENTO E INSTALAÇÃO. AF_03/2023 | E94: UN | F94: 5 | G94: 2.78 | H94: 5.86 | I94: =IF($C94="","",G94+H94) -> 8.64 | J94: =IF($C94="","",ROUND(G94*(1+$D$113),2)) -> 3.45 | K94: =IF($C94="","",ROUND(H94*(1+$D$113),2)) -> 7.27 | L94: =IF($C94="","",J94+K94) -> 10.72 | M94: =IF($C94="","",ROUND(J94*$F94,2)) -> 17.25 | N94: =IF($C94="","",ROUND(K94*$F94,2)) -> 36.35 | O94: =IF($C94="","",M94+N94) -> 53.6
A95: 6.9 | B95: SINAPI | C95: 104402 | D95: CONDULETE DE PVC, TIPO C, PARA ELETRODUTO DE PVC SOLDÁVEL DN 25 MM (3/4''), APARENTE - FORNECIMENTO E INSTALAÇÃO. AF_10/2022 | E95: UN | F95: 18 | G95: 14.91 | H95: 12.4 | I95: =IF($C95="","",G95+H95) -> 27.31 | J95: =IF($C95="","",ROUND(G95*(1+$D$113),2)) -> 18.49 | K95: =IF($C95="","",ROUND(H95*(1+$D$113),2)) -> 15.38 | L95: =IF($C95="","",J95+K95) -> 33.87 | M95: =IF($C95="","",ROUND(J95*$F95,2)) -> 332.82 | N95: =IF($C95="","",ROUND(K95*$F95,2)) -> 276.84 | O95: =IF($C95="","",M95+N95) -> 609.66
A96: 6.10 | B96: SINAPI | C96: 95814 | D96: CONDULETE DE PVC, TIPO TB, PARA ELETRODUTO DE PVC SOLDÁVEL DN 25 MM (3/4''), APARENTE - FORNECIMENTO E INSTALAÇÃO. AF_10/2022 | E96: UN | F96: 10 | G96: 15.69 | H96: 8.9 | I96: =IF($C96="","",G96+H96) -> 24.59 | J96: =IF($C96="","",ROUND(G96*(1+$D$113),2)) -> 19.46 | K96: =IF($C96="","",ROUND(H96*(1+$D$113),2)) -> 11.04 | L96: =IF($C96="","",J96+K96) -> 30.5 | M96: =IF($C96="","",ROUND(J96*$F96,2)) -> 194.6 | N96: =IF($C96="","",ROUND(K96*$F96,2)) -> 110.4 | O96: =IF($C96="","",M96+N96) -> 305
A97: 6.11 | B97: SINAPI | C97: 104404 | D97: CONDULETE DE PVC, TIPO T, PARA ELETRODUTO DE PVC SOLDÁVEL DN 25 MM (3/4''), APARENTE - FORNECIMENTO E INSTALAÇÃO. AF_10/2022 | E97: UN | F97: 2 | G97: 18.22 | H97: 16.86 | I97: =IF($C97="","",G97+H97) -> 35.08 | J97: =IF($C97="","",ROUND(G97*(1+$D$113),2)) -> 22.59 | K97: =IF($C97="","",ROUND(H97*(1+$D$113),2)) -> 20.91 | L97: =IF($C97="","",J97+K97) -> 43.5 | M97: =IF($C97="","",ROUND(J97*$F97,2)) -> 45.18 | N97: =IF($C97="","",ROUND(K97*$F97,2)) -> 41.82 | O97: =IF($C97="","",M97+N97) -> 87
A98: 6.12 | B98: SINAPI | C98: 95808 | D98: CONDULETE DE PVC, TIPO LL, PARA ELETRODUTO DE PVC SOLDÁVEL DN 25 MM (3/4''), APARENTE - FORNECIMENTO E INSTALAÇÃO. AF_10/2022 | E98: UN | F98: 3 | G98: 16.82 | H98: 14.63 | I98: =IF($C98="","",G98+H98) -> 31.45 | J98: =IF($C98="","",ROUND(G98*(1+$D$113),2)) -> 20.86 | K98: =IF($C98="","",ROUND(H98*(1+$D$113),2)) -> 18.14 | L98: =IF($C98="","",J98+K98) -> 39 | M98: =IF($C98="","",ROUND(J98*$F98,2)) -> 62.58 | N98: =IF($C98="","",ROUND(K98*$F98,2)) -> 54.42 | O98: =IF($C98="","",M98+N98) -> 117
... A100: 6.14 | B100: SINAPI | C100: 97882 | D100: CAIXA ENTERRADA ELÉTRICA RETANGULAR, EM CONCRETO PRÉ-MOLDADO, FUNDO COM BRITA, DIMENSÕES INTERNAS: 0,4X0,4X0,4 M. AF_12/2020 | E100: UN | F100: 2 | G100: 178.12 | H100: 29.95 | I100: =IF($C100="","",G100+H100) -> 208.07 | J100: =IF($C100="","",ROUND(G100*(1+$D$113),2)) -> 220.87 | K100: =IF($C100="","",ROUND(H100*(1+$D$113),2)) -> 37.14 | L100: =IF($C100="","",J100+K100) -> 258.01 | M100: =IF($C100="","",ROUND(J100*$F100,2)) -> 441.74 | N100: =IF($C100="","",ROUND(K100*$F100,2)) -> 74.28 | O100: =IF($C100="","",M100+N100) -> 516.02
A101: ="TOTAL SUBITEM "&A86&" - "&B86 -> TOTAL SUBITEM 6. - ALARME DE INCÊNDIO | M101: =SUM(M87:M100) -> 8567.38 | N101: =SUM(N87:N100) -> 5098.27 | O101: =SUM(O87:O100) -> 13665.65
A102: 7. | B102: ENTRADA DE ENERGIA (QUADRO DE COMANDO)
A103: 7.1 | B103: SINAPI | C103: 97882 | D103: CAIXA ENTERRADA ELÉTRICA RETANGULAR, EM CONCRETO PRÉ-MOLDADO, FUNDO COM BRITA, DIMENSÕES INTERNAS: 0,4X0,4X0,4 M. AF_12/2020 | E103: UN | F103: 9 | G103: 178.12 | H103: 29.95 | I103: =IF($C103="","",G103+H103) -> 208.07 | J103: =IF($C103="","",ROUND(G103*(1+$D$113),2)) -> 220.87 | K103: =IF($C103="","",ROUND(H103*(1+$D$113),2)) -> 37.14 | L103: =IF($C103="","",J103+K103) -> 258.01 | M103: =IF($C103="","",ROUND(J103*$F103,2)) -> 1987.83 | N103: =IF($C103="","",ROUND(K103*$F103,2)) -> 334.26 | O103: =IF($C103="","",M103+N103) -> 2322.09
A104: 7.2 | B104: SINAPI | C104: 93009 | D104: ELETRODUTO RÍGIDO ROSCÁVEL, PVC, DN 60 MM (2"), PARA REDE ENTERRADA DE DISTRIBUIÇÃO DE ENERGIA ELÉTRICA - FORNECIMENTO E INSTALAÇÃO. AF_12/2021 | E104: M | F104: 80 | G104: 28.6 | H104: 5.47 | I104: =IF($C104="","",G104+H104) -> 34.07 | J104: =IF($C104="","",ROUND(G104*(1+$D$113),2)) -> 35.46 | K104: =IF($C104="","",ROUND(H104*(1+$D$113),2)) -> 6.78 | L104: =IF($C104="","",J104+K104) -> 42.24 | M104: =IF($C104="","",ROUND(J104*$F104,2)) -> 2836.8 | N104: =IF($C104="","",ROUND(K104*$F104,2)) -> 542.4 | O104: =IF($C104="","",M104+N104) -> 3379.2
A105: 7.3 | B105: SINAPI | C105: 92982 | D105: CABO DE COBRE FLEXÍVEL ISOLADO, 16 MM², ANTI-CHAMA 0,6/1,0 KV, PARA DISTRIBUIÇÃO - FORNECIMENTO E INSTALAÇÃO. AF_12/2015 | E105: M | F105: 320 | G105: 14.88 | H105: 0.53 | I105: =IF($C105="","",G105+H105) -> 15.41 | J105: =IF($C105="","",ROUND(G105*(1+$D$113),2)) -> 18.45 | K105: =IF($C105="","",ROUND(H105*(1+$D$113),2)) -> 0.66 | L105: =IF($C105="","",J105+K105) -> 19.11 | M105: =IF($C105="","",ROUND(J105*$F105,2)) -> 5904 | N105: =IF($C105="","",ROUND(K105*$F105,2)) -> 211.2 | O105: =IF($C105="","",M105+N105) -> 6115.2
A106: ="TOTAL SUBITEM "&A102&" - "&B102 -> TOTAL SUBITEM 7. - ENTRADA DE ENERGIA (QUADRO DE COMANDO) | M106: =SUM(M103:M105) -> 10728.63 | N106: =SUM(N103:N105) -> 1087.86 | O106: =SUM(O103:O105) -> 11816.49
A107: 8. | B107: PLACAS
A108: 8.1 | B108: CPU | C108: 26 | D108: PLACA DE SINALIZACAO DE SEGURANCA CONTRA INCENDIO, FOTOLUMINESCENTE, QUADRADA, *20 X 20* CM, EM PVC *2* MM ANTI-CHAMAS (SIMBOLOS, CORES E PICTOGRAMAS CONFORME NBR 16820) | E108: M | F108: 3 | G108: 22.43 | H108: 4.99 | I108: =IF($C108="","",G108+H108) -> 27.42 | J108: =IF($C108="","",ROUND(G108*(1+$D$113),2)) -> 27.81 | K108: =IF($C108="","",ROUND(H108*(1+$D$113),2)) -> 6.19 | L108: =IF($C108="","",J108+K108) -> 34 | M108: =IF($C108="","",ROUND(J108*$F108,2)) -> 83.43 | N108: =IF($C108="","",ROUND(K108*$F108,2)) -> 18.57 | O108: =IF($C108="","",M108+N108) -> 102
A109: 8.2 | B109: CPU | C109: 27 | D109: PLACA DE SINALIZACAO DE SEGURANCA CONTRA INCENDIO, FOTOLUMINESCENTE, RETANGULAR, *20 X 40* CM, EM PVC *2* MM ANTI-CHAMAS (SIMBOLOS, CORES E PICTOGRAMAS CONFORME NBR 16820) | E109: M | F109: 7 | G109: 35.17 | H109: 4.99 | I109: =IF($C109="","",G109+H109) -> 40.16 | J109: =IF($C109="","",ROUND(G109*(1+$D$113),2)) -> 43.61 | K109: =IF($C109="","",ROUND(H109*(1+$D$113),2)) -> 6.19 | L109: =IF($C109="","",J109+K109) -> 49.8 | M109: =IF($C109="","",ROUND(J109*$F109,2)) -> 305.27 | N109: =IF($C109="","",ROUND(K109*$F109,2)) -> 43.33 | O109: =IF($C109="","",M109+N109) -> 348.6
A110: ="TOTAL SUBITEM "&A107&" - "&B107 -> TOTAL SUBITEM 8. - PLACAS | M110: =SUM(M108:M109) -> 388.7 | N110: =SUM(N108:N109) -> 61.9 | O110: =SUM(O108:O109) -> 450.6
A111: TOTAL | M111: =M48+M63+M78+M82+M85+M101+M106+M110 -> 144652.01 | N111: =N48+N63+N78+N82+N85+N101+N106+N110 -> 22891.49 | O111: =O48+O63+O78+O82+O85+O101+O106+O110 -> 167543.5
A113: *BDI Não Desonerado: | D113: 0.24
A114: *Referência SINAPI Set/2023 - Não Desonerado
J116: __________________________________________________
J117: Eng. Jeferson Born
A118: Portão,22 de Novembro de 2023 | J118: CREA RS 183227

Sheet CRONOGRAMA
A1: CRONOGRAMA
A3: OBRA: PPCI GINÁSIO CLÓVIS SCHAEFFER
A4: ENDEREÇO: RUA 44 Nº 203 - BAIRRO CENTRO - SÃO JOSÉ DO HORTÊNCIO/RS
A7: ITEM | B7: DISCRIMINAÇÃO | C7: VALOR (R$) | D7: PRAZO
D8: 1º MÊS
A9: 1. | B9: PPCI | C9: =ORÇAMENTO!O48 -> 119644.58 | D9: 1
D10: =$C9*D9 -> 119644.58
A11: 2. | B11: ALIMENTAÇÃO | C11: =ORÇAMENTO!O63 -> 2776.66 | D11: 1
D12: =$C11*D11 -> 2776.66
A13: 3. | B13: RADIER E CASA DE BOMBAS | C13: =ORÇAMENTO!O78 -> 12807.46 | D13: 1
D14: =$C13*D13 -> 12807.46
A15: 4. | B15: ESCAVAÇÕES (TUBULAÇÕES E CAIXAS) | C15: =ORÇAMENTO!O82 -> 1469.3 | D15: 1
D16: =$C15*D15 -> 1469.3
A17: 5. | B17: QUADRO DE COMANDO DE INCÊNDIO | C17: =ORÇAMENTO!O85 -> 4912.76 | D17: 1
D18: =$C17*D17 -> 4912.76
A19: 6. | B19: ALARME DE INCÊNDIO | C19: =ORÇAMENTO!O101 -> 13665.65 | D19: 1
D20: =$C19*D19 -> 13665.65
A21: 7. | B21: ENTRADA DE ENERGIA (QUADRO DE COMANDO) | C21: =ORÇAMENTO!O106 -> 11816.49 | D21: 1
D22: =$C21*D21 -> 11816.49
A23: 8. | B23: PLACAS | C23: =ORÇAMENTO!O110 -> 450.6 | D23: 1
D24: =$C23*D23 -> 450.6
A25: TOTAL DO ORÇAMENTO | C25: =SUM(C9:C24) -> 167543.5 | D25: =SUMIF($A$8:$A$24,"",D$8:D$24) -> 167543.5
A26: DISTRIBUIÇÃO PERIÓDICA | C26: % | D26: =D27/$C$25 -> 1
C27: SIMPLES | D27: =D25 -> 167543.5
C28: % | D28: =D29/$C$25 -> 1
C29: ACUMULADO | D29: =D27 -> 167543.5
B32: Portão, 10 de Novembro de 2023
D33: ____________________________
D34: Eng. Jéferson R. Born
D35: CREA RS 183227

Sheet COMPOSIÇÕES CRIADAS
A2: CPU | B2: 1 | C2: Bombas Schneider ME-33250 C150 25 CV | D2: UNID | F2: =SUM(F4:F11) -> 25835.95 | G2: =SUM(G4:G11) -> 169.96 | H2: =SUM(H4:H11) -> 26005.91
A3: TIPO | B3: CÓDIGO | C3: DESCRIÇÃO | D3: UNID. | E3: CONSUMO | F3: MAT | G3: MO | H3: TOTAL
A4: INSUMO | B4: 11267 | C4: ARRUELA LISA, REDONDA, DE LATAO POLIDO, DIAMETRO NOMINAL 5/8", DIAMETRO EXTERNO = 34 MM, DIAMETRO DO FURO = 17 MM, ESPESSURA = *2,5* MM | D4: UN | E4: 4 | F4: 6.24 | G4: 0 | H4: =IF($B4="","",$F4+$G4) -> 6.24
A5: INSUMO | B5: 39996 | C5: VERGALHAO ZINCADO ROSCA TOTAL, 1/4 " (6,3 MM) | D5: M | E5: 0.2 | F5: 0.79 | G5: 0 | H5: =IF($B5="","",$F5+$G5) -> 0.79
A6: INSUMO | B6: 39997 | C6: PORCA ZINCADA, SEXTAVADA, DIAMETRO 1/4" | D6: UN | E6: 4 | F6: 1.36 | G6: 0 | H6: =IF($B6="","",$F6+$G6) -> 1.36
A7: COTAÇÃO | B7: 1 | C7: Bombas Schneider ME-33250 C150 25 CV | D7: UM | E7: 1 | F7: 25783.48 | G7: 0 | H7: =IF($B7="","",$F7+$G7) -> 25783.48
A8: COMPOSICAO | B8: 88247 | C8: AUXILIAR DE ELETRICISTA COM ENCARGOS COMPLEMENTARES | D8: H | E8: 4 | F8: 22.04 | G8: 77.96 | H8: =IF($B8="","",$F8+$G8) -> 100
A9: COMPOSICAO | B9: 88248 | C9: AUXILIAR DE ENCANADOR OU BOMBEIRO HIDRÁULICO COM ENCARGOS COMPLEMENTARES | D9: H | E9: 0 | F9: 0 | G9: 0 | H9: =IF($B9="","",$F9+$G9) -> 0
A10: COMPOSICAO | B10: 88264 | C10: ELETRICISTA COM ENCARGOS COMPLEMENTARES | D10: H | E10: 4 | F10: 22.04 | G10: 92 | H10: =IF($B10="","",$F10+$G10) -> 114.04
A11: COMPOSICAO | B11: 88267 | C11: ENCANADOR OU BOMBEIRO HIDRÁULICO COM ENCARGOS COMPLEMENTARES | D11: H | E11: 0 | F11: 0 | G11: 0 | H11: =IF($B11="","",$F11+$G11) -> 0
C12: Ref: Composição - Sinapi 102123
C13: Referência de preço Sinapi 09/2023
A16: CPU | B16: 2 | C16: BOMBA Schneider BT4-05 79mm - 1CV | D16: UNID | F16: =SUM(F18:F25) -> 3590.885 | G16: =SUM(G18:G25) -> 169.96 | H16: =SUM(H18:H25) -> 3760.845
A17: TIPO | B17: CÓDIGO | C17: DESCRIÇÃO | D17: UNID. | E17: CONSUMO | F17: MAT | G17: MO | H17: TOTAL
A18: INSUMO | B18: 11267 | C18: ARRUELA LISA, REDONDA, DE LATAO POLIDO, DIAMETRO NOMINAL 5/8", DIAMETRO EXTERNO = 34 MM, DIAMETRO DO FURO = 17 MM, ESPESSURA = *2,5* MM | D18: UN | E18: 4 | F18: 6.24 | G18: 0 | H18: =IF($B18="","",$F18+$G18) -> 6.24
A19: INSUMO | B19: 39996 | C19: VERGALHAO ZINCADO ROSCA TOTAL, 1/4 " (6,3 MM) | D19: M | E19: 0.2 | F19: 0.79 | G19: 0 | H19: =IF($B19="","",$F19+$G19) -> 0.79
A20: INSUMO | B20: 39997 | C20: PORCA ZINCADA, SEXTAVADA, DIAMETRO 1/4" | D20: UN | E20: 4 | F20: 1.36 | G20: 0 | H20: =IF($B20="","",$F20+$G20) -> 1.36
A21: COTAÇÃO | B21: 2 | C21: BOMBA Schneider BT4-05 79mm - 1CV | D21: UNID | E21: 1 | F21: 3538.415 | G21: 0 | H21: =IF($B21="","",$F21+$G21) -> 3538.415
A22: COMPOSICAO | B22: 88247 | C22: AUXILIAR DE ELETRICISTA COM ENCARGOS COMPLEMENTARES | D22: H | E22: 4 | F22: 22.04 | G22: 77.96 | H22: =IF($B22="","",$F22+$G22) -> 100
A23: COMPOSICAO | B23: 88248 | C23: AUXILIAR DE ENCANADOR OU BOMBEIRO HIDRÁULICO COM ENCARGOS COMPLEMENTARES | D23: H | E23: 0 | F23: 0 | G23: 0 | H23: =IF($B23="","",$F23+$G23) -> 0
A24: COMPOSICAO | B24: 88264 | C24: ELETRICISTA COM ENCARGOS COMPLEMENTARES | D24: H | E24: 4 | F24: 22.04 | G24: 92 | H24: =IF($B24="","",$F24+$G24) -> 114.04
A25: COMPOSICAO | B25: 88267 | C25: ENCANADOR OU BOMBEIRO HIDRÁULICO COM ENCARGOS COMPLEMENTARES | D25: H | E25: 0 | F25: 0 | G25: 0 | H25: =IF($B25="","",$F25+$G25) -> 0
C26: Ref: Composição - Sinapi 102123
C27: Referência de preço Sinapi 09/2023
A29: CPU | B29: 3 | C29: BUCHA DE REDUCAO DE FERRO GALVANIZADO, COM ROSCA BSP, DE 1 1/2" X 1" | D29: UNID | F29: =SUM(F31:F36) -> 27.99 | G29: =SUM(G31:G36) -> 37.9 | H29: =SUM(H31:H36) -> 65.89
A30: TIPO | B30: CÓDIGO | C30: DESCRIÇÃO | D30: UNID. | E30: CONSUMO | F30: MAT | G30: MO | H30: TOTAL
A31: INSUMO | B31: 3148 | C31: FITA VEDA ROSCA EM ROLOS DE 18 MM X 50 M (L X C) | D31: UN | E31: 0.017 | F31: 0.26 | G31: 0 | H31: =IF($B31="","",$F31+$G31) -> 0.26
A32: INSUMO | B32: 3446 | C32: COTOVELO 45 GRAUS DE FERRO GALVANIZADO, COM ROSCA BSP, DE 1 1/2" | D32: UN | E32: 0 | F32: 0 | G32: 0 | H32: =IF($B32="","",$F32+$G32) -> 0
A33: INSUMO | B33: 7307 | C33: FUNDO ANTICORROSIVO PARA METAIS FERROSOS (ZARCAO) | D33: L | E33: 0.004 | F33: 0.18 | G33: 0 | H33: =IF($B33="","",$F33+$G33) -> 0.18
A34: COMPOSICAO | B34: 88248 | C34: AUXILIAR DE ENCANADOR OU BOMBEIRO HIDRÁULICO COM ENCARGOS COMPLEMENTARES | D34: H | E34: 0.873 | F34: 4.23 | G34: 17.38 | H34: =IF($B34="","",$F34+$G34) -> 21.61
A35: COMPOSICAO | B35: 88267 | C35: ENCANADOR OU BOMBEIRO HIDRÁULICO COM ENCARGOS COMPLEMENTARES | D35: H | E35: 0.873 | F35: 4.23 | G35: 20.52 | H35: =IF($B35="","",$F35+$G35) -> 24.75
A36: INSUMO | B36: 791 | C36: BUCHA DE REDUCAO DE FERRO GALVANIZADO, COM ROSCA BSP, DE 1 1/2" X 1" | D36: UN | E36: 1 | F36: 19.09 | G36: 0 | H36: =IF($B36="","",$F36+$G36) -> 19.09
C37: Ref: Composição - Sinapi 92385
C38: Referência de preço Sinapi 09/2023
A40: CPU | B40: 4 | C40: BUCHA DE REDUCAO DE FERRO GALVANIZADO, COM ROSCA BSP, DE 1 1/4" X 1" | D40: UNID | F40: =SUM(F42:F47) -> 23.58 | G40: =SUM(G42:G47) -> 37.9 | H40: =SUM(H42:H47) -> 61.48
A41: TIPO | B41: CÓDIGO | C41: DESCRIÇÃO | D41: UNID. | E41: CONSUMO | F41: MAT | G41: MO | H41: TOTAL
A42: INSUMO | B42: 3148 | C42: FITA VEDA ROSCA EM ROLOS DE 18 MM X 50 M (L X C) | D42: UN | E42: 0.017 | F42: 0.26 | G42: 0 | H42: =IF($B42="","",$F42+$G42) -> 0.26
A43: INSUMO | B43: 3446 | C43: COTOVELO 45 GRAUS DE FERRO GALVANIZADO, COM ROSCA BSP, DE 1 1/2" | D43: UN | E43: 0 | F43: 0 | G43: 0 | H43: =IF($B43="","",$F43+$G43) -> 0
A44: INSUMO | B44: 7307 | C44: FUNDO ANTICORROSIVO PARA METAIS FERROSOS (ZARCAO) | D44: L | E44: 0.004 | F44: 0.18 | G44: 0 | H44: =IF($B44="","",$F44+$G44) -> 0.18
A45: COMPOSICAO | B45: 88248 | C45: AUXILIAR DE ENCANADOR OU BOMBEIRO HIDRÁULICO COM ENCARGOS COMPLEMENTARES | D45: H | E45: 0.873 | F45: 4.23 | G45: 17.38 | H45: =IF($B45="","",$F45+$G45) -> 21.61
A46: COMPOSICAO | B46: 88267 | C46: ENCANADOR OU BOMBEIRO HIDRÁULICO COM ENCARGOS COMPLEMENTARES | D46: H | E46: 0.873 | F46: 4.23 | G46: 20.52 | H46: =IF($B46="","",$F46+$G46) -> 24.75
A47: INSUMO | B47: 789 | C47: BUCHA DE REDUCAO DE FERRO GALVANIZADO, COM ROSCA BSP, DE 1 1/4" X 1" | D47: UN | E47: 1 | F47: 14.68 | G47: 0 | H47: =IF($B47="","",$F47+$G47) -> 14.68
C48: Ref: Composição - Sinapi 92385
C49: Referência de preço Sinapi 09/2023
A51: CPU | B51: 5 | C51: BUCHA DE REDUCAO DE FERRO GALVANIZADO, COM ROSCA BSP, DE 2 1/2" X 1 1/4" | D51: UNID | F51: =SUM(F53:F58) -> 50.13 | G51: =SUM(G53:G58) -> 37.9 | H51: =SUM(H53:H58) -> 88.03
A52: TIPO | B52: CÓDIGO | C52: DESCRIÇÃO | D52: UNID. | E52: CONSUMO | F52: MAT | G52: MO | H52: TOTAL
A53: INSUMO | B53: 3148 | C53: FITA VEDA ROSCA EM ROLOS DE 18 MM X 50 M (L X C) | D53: UN | E53: 0.017 | F53: 0.26 | G53: 0 | H53: =IF($B53="","",$F53+$G53) -> 0.26
A54: INSUMO | B54: 3446 | C54: COTOVELO 45 GRAUS DE FERRO GALVANIZADO, COM ROSCA BSP, DE 1 1/2" | D54: UN | E54: 0 | F54: 0 | G54: 0 | H54: =IF($B54="","",$F54+$G54) -> 0
A55: INSUMO | B55: 7307 | C55: FUNDO ANTICORROSIVO PARA METAIS FERROSOS (ZARCAO) | D55: L | E55: 0.004 | F55: 0.18 | G55: 0 | H55: =IF($B55="","",$F55+$G55) -> 0.18
A56: COMPOSICAO | B56: 88248 | C56: AUXILIAR DE ENCANADOR OU BOMBEIRO HIDRÁULICO COM ENCARGOS COMPLEMENTARES | D56: H | E56: 0.873 | F56: 4.23 | G56: 17.38 | H56: =IF($B56="","",$F56+$G56) -> 21.61
A57: COMPOSICAO | B57: 88267 | C57: ENCANADOR OU BOMBEIRO HIDRÁULICO COM ENCARGOS COMPLEMENTARES | D57: H | E57: 0.873 | F57: 4.23 | G57: 20.52 | H57: =IF($B57="","",$F57+$G57) -> 24.75
A58: INSUMO | B58: 774 | C58: BUCHA DE REDUCAO DE FERRO GALVANIZADO, COM ROSCA BSP, DE 2 1/2" X 1 1/4" | D58: UN | E58: 1 | F58: 41.23 | G58: 0 | H58: =IF($B58="","",$F58+$G58) -> 41.23
C59: Ref: Composição - Sinapi 92385
C60: Referência de preço Sinapi 09/2023
A62: CPU | B62: 6 | C62: BUCHA DE REDUCAO DE FERRO GALVANIZADO, COM ROSCA BSP, DE 3" X 1 1/2" | D62: UNID | F62: =SUM(F64:F69) -> 69.68 | G62: =SUM(G64:G69) -> 37.9 | H62: =SUM(H64:H69) -> 107.58
A63: TIPO | B63: CÓDIGO | C63: DESCRIÇÃO | D63: UNID. | E63: CONSUMO | F63: MAT | G63: MO | H63: TOTAL
A64: INSUMO | B64: 3148 | C64: FITA VEDA ROSCA EM ROLOS DE 18 MM X 50 M (L X C) | D64: UN | E64: 0.017 | F64: 0.26 | G64: 0 | H64: =IF($B64="","",$F64+$G64) -> 0.26
A65: INSUMO | B65: 3446 | C65: COTOVELO 45 GRAUS DE FERRO GALVANIZADO, COM ROSCA BSP, DE 1 1/2" | D65: UN | E65: 0 | F65: 0 | G65: 0 | H65: =IF($B65="","",$F65+$G65) -> 0
A66: INSUMO | B66: 7307 | C66: FUNDO ANTICORROSIVO PARA METAIS FERROSOS (ZARCAO) | D66: L | E66: 0.004 | F66: 0.18 | G66: 0 | H66: =IF($B66="","",$F66+$G66) -> 0.18
A67: COMPOSICAO | B67: 88248 | C67: AUXILIAR DE ENCANADOR OU BOMBEIRO HIDRÁULICO COM ENCARGOS COMPLEMENTARES | D67: H | E67: 0.873 | F67: 4.23 | G67: 17.38 | H67: =IF($B67="","",$F67+$G67) -> 21.61
A68: COMPOSICAO | B68: 88267 | C68: ENCANADOR OU BOMBEIRO HIDRÁULICO COM ENCARGOS COMPLEMENTARES | D68: H | E68: 0.873 | F68: 4.23 | G68: 20.52 | H68: =IF($B68="","",$F68+$G68) -> 24.75
A69: INSUMO | B69: 776 | C69: BUCHA DE REDUCAO DE FERRO GALVANIZADO, COM ROSCA BSP, DE 3" X 1 1/2" | D69: UN | E69: 1 | F69: 60.78 | G69: 0 | H69: =IF($B69="","",$F69+$G69) -> 60.78
C70: Ref: Composição - Sinapi 92385
C71: Referência de preço Sinapi 09/2023
A73: CPU | B73: 7 | C73: BUCHA DE REDUCAO DE FERRO GALVANIZADO, COM ROSCA BSP, DE 3" X 2 1/2" | D73: UNID | F73: =SUM(F75:F80) -> 68.28 | G73: =SUM(G75:G80) -> 37.9 | H73: =SUM(H75:H80) -> 106.18
A74: TIPO | B74: CÓDIGO | C74: DESCRIÇÃO | D74: UNID. | E74: CONSUMO | F74: MAT | G74: MO | H74: TOTAL
A75: INSUMO | B75: 3148 | C75: FITA VEDA ROSCA EM ROLOS DE 18 MM X 50 M (L X C) | D75: UN | E75: 0.017 | F75: 0.26 | G75: 0 | H75: =IF($B75="","",$F75+$G75) -> 0.26
A76: INSUMO | B76: 3446 | C76: COTOVELO 45 GRAUS DE FERRO GALVANIZADO, COM ROSCA BSP, DE 1 1/2" | D76: UN | E76: 0 | F76: 0 | G76: 0 | H76: =IF($B76="","",$F76+$G76) -> 0
A77: INSUMO | B77: 7307 | C77: FUNDO ANTICORROSIVO PARA METAIS FERROSOS (ZARCAO) | D77: L | E77: 0.004 | F77: 0.18 | G77: 0 | H77: =IF($B77="","",$F77+$G77) -> 0.18
A78: COMPOSICAO | B78: 88248 | C78: AUXILIAR DE ENCANADOR OU BOMBEIRO HIDRÁULICO COM ENCARGOS COMPLEMENTARES | D78: H | E78: 0.873 | F78: 4.23 | G78: 17.38 | H78: =IF($B78="","",$F78+$G78) -> 21.61
A79: COMPOSICAO | B79: 88267 | C79: ENCANADOR OU BOMBEIRO HIDRÁULICO COM ENCARGOS COMPLEMENTARES | D79: H | E79: 0.873 | F79: 4.23 | G79: 20.52 | H79: =IF($B79="","",$F79+$G79) -> 24.75
A80: INSUMO | B80: 780 | C80: BUCHA DE REDUCAO DE FERRO GALVANIZADO, COM ROSCA BSP, DE 3" X 2 1/2" | D80: UN | E80: 1 | F80: 59.38 | G80: 0 | H80: =IF($B80="","",$F80+$G80) -> 59.38
C81: Ref: Composição - Sinapi 92385
C82: Referência de preço Sinapi 09/2023
A84: CPU | B84: 8 | C84: COTOVELO 90 GRAUS DE FERRO GALVANIZADO, COM ROSCA BSP MACHO/FEMEA, DE 1" | D84: UNID | F84: =SUM(F86:F91) -> 28.09 | G84: =SUM(G86:G91) -> 37.9 | H84: =SUM(H86:H91) -> 65.99
A85: TIPO | B85: CÓDIGO | C85: DESCRIÇÃO | D85: UNID. | E85: CONSUMO | F85: MAT | G85: MO | H85: TOTAL
A86: INSUMO | B86: 3148 | C86: FITA VEDA ROSCA EM ROLOS DE 18 MM X 50 M (L X C) | D86: UN | E86: 0.017 | F86: 0.26 | G86: 0 | H86: =IF($B86="","",$F86+$G86) -> 0.26
A87: INSUMO | B87: 3446 | C87: COTOVELO 45 GRAUS DE FERRO GALVANIZADO, COM ROSCA BSP, DE 1 1/2" | D87: UN | E87: 0 | F87: 0 | G87: 0 | H87: =IF($B87="","",$F87+$G87) -> 0
A88: INSUMO | B88: 7307 | C88: FUNDO ANTICORROSIVO PARA METAIS FERROSOS (ZARCAO) | D88: L | E88: 0.004 | F88: 0.18 | G88: 0 | H88: =IF($B88="","",$F88+$G88) -> 0.18
A89: COMPOSICAO | B89: 88248 | C89: AUXILIAR DE ENCANADOR OU BOMBEIRO HIDRÁULICO COM ENCARGOS COMPLEMENTARES | D89: H | E89: 0.873 | F89: 4.23 | G89: 17.38 | H89: =IF($B89="","",$F89+$G89) -> 21.61
A90: COMPOSICAO | B90: 88267 | C90: ENCANADOR OU BOMBEIRO HIDRÁULICO COM ENCARGOS COMPLEMENTARES | D90: H | E90: 0.873 | F90: 4.23 | G90: 20.52 | H90: =IF($B90="","",$F90+$G90) -> 24.75
A91: INSUMO | B91: 3443 | C91: COTOVELO 90 GRAUS DE FERRO GALVANIZADO, COM ROSCA BSP MACHO/FEMEA, DE 1" | D91: UN | E91: 1 | F91: 19.19 | G91: 0 | H91: =IF($B91="","",$F91+$G91) -> 19.19
C92: Ref: Composição - Sinapi 92385
C93: Referência de preço Sinapi 09/2023
A95: CPU | B95: 9 | C95: COTOVELO 90 GRAUS DE FERRO GALVANIZADO, COM ROSCA BSP MACHO/FEMEA, DE 2 1/2" | D95: UNID | F95: =SUM(F97:F102) -> 118.14 | G95: =SUM(G97:G102) -> 37.9 | H95: =SUM(H97:H102) -> 156.04
A96: TIPO | B96: CÓDIGO | C96: DESCRIÇÃO | D96: UNID. | E96: CONSUMO | F96: MAT | G96: MO | H96: TOTAL
A97: INSUMO | B97: 3148 | C97: FITA VEDA ROSCA EM ROLOS DE 18 MM X 50 M (L X C) | D97: UN | E97: 0.017 | F97: 0.26 | G97: 0 | H97: =IF($B97="","",$F97+$G97) -> 0.26
A98: INSUMO | B98: 3446 | C98: COTOVELO 45 GRAUS DE FERRO GALVANIZADO, COM ROSCA BSP, DE 1 1/2" | D98: UN | E98: 0 | F98: 0 | G98: 0 | H98: =IF($B98="","",$F98+$G98) -> 0
A99: INSUMO | B99: 7307 | C99: FUNDO ANTICORROSIVO PARA METAIS FERROSOS (ZARCAO) | D99: L | E99: 0.004 | F99: 0.18 | G99: 0 | H99: =IF($B99="","",$F99+$G99) -> 0.18
A100: COMPOSICAO | B100: 88248 | C100: AUXILIAR DE ENCANADOR OU BOMBEIRO HIDRÁULICO COM ENCARGOS COMPLEMENTARES | D100: H | E100: 0.873 | F100: 4.23 | G100: 17.38 | H100: =IF($B100="","",$F100+$G100) -> 21.61
A101: COMPOSICAO | B101: 88267 | C101: ENCANADOR OU BOMBEIRO HIDRÁULICO COM ENCARGOS COMPLEMENTARES | D101: H | E101: 0.873 | F101: 4.23 | G101: 20.52 | H101: =IF($B101="","",$F101+$G101) -> 24.75
A102: INSUMO | B102: 3453 | C102: COTOVELO 90 GRAUS DE FERRO GALVANIZADO, COM ROSCA BSP MACHO/FEMEA, DE 2 1/2" | D102: UN | E102: 1 | F102: 109.24 | G102: 0 | H102: =IF($B102="","",$F102+$G102) -> 109.24
C103: Ref: Composição - Sinapi 92385
C104: Referência de preço Sinapi 09/2023
A106: CPU | B106: 10 | C106: COTOVELO 90 GRAUS DE FERRO GALVANIZADO, COM ROSCA BSP MACHO/FEMEA, DE 3" | D106: UNID | F106: =SUM(F108:F113) -> 175.05 | G106: =SUM(G108:G113) -> 37.9 | H106: =SUM(H108:H113) -> 212.95
A107: TIPO | B107: CÓDIGO | C107: DESCRIÇÃO | D107: UNID. | E107: CONSUMO | F107: MAT | G107: MO | H107: TOTAL
A108: INSUMO | B108: 3148 | C108: FITA VEDA ROSCA EM ROLOS DE 18 MM X 50 M (L X C) | D108: UN | E108: 0.017 | F108: 0.26 | G108: 0 | H108: =IF($B108="","",$F108+$G108) -> 0.26
A109: INSUMO | B109: 3446 | C109: COTOVELO 45 GRAUS DE FERRO GALVANIZADO, COM ROSCA BSP, DE 1 1/2" | D109: UN | E109: 0 | F109: 0 | G109: 0 | H109: =IF($B109="","",$F109+$G109) -> 0
A110: INSUMO | B110: 7307 | C110: FUNDO ANTICORROSIVO PARA METAIS FERROSOS (ZARCAO) | D110: L | E110: 0.004 | F110: 0.18 | G110: 0 | H110: =IF($B110="","",$F110+$G110) -> 0.18
A111: COMPOSICAO | B111: 88248 | C111: AUXILIAR DE ENCANADOR OU BOMBEIRO HIDRÁULICO COM ENCARGOS COMPLEMENTARES | D111: H | E111: 0.873 | F111: 4.23 | G111: 17.38 | H111: =IF($B111="","",$F111+$G111) -> 21.61
...

Sheet Cotações 
A2: Bombas Schneider ME-33250 C150 25 CV
A3: Loja | B3: Link | C3: Acesso | D3: Valor Frete (R$) | E3: Custo Unitário (R$) | F3: Custo Total (R$)
A4: Bomba Shopping | B4: https://www.bombashopping.com.br/bomba-schneider-me-33250-c150-25cv-trifasica-60hz-220380440v-0030000001428/p?idsku=677020536&srsltid=AfmBOooA7LMu8FQGh4O5znT_gy4javGMAdUxznWVfcrIdXS8I_OlZZfnvGI | C4: Acesso em 01.10.2023 às 19:16 | D4: 240 | E4: 24682 | F4: =D4+E4 -> 24922
A5: Hidroviva | B5: https://www.hidroviva.com.br/produto/bomba-dagua-multiestagios-horizontal-me-33250-c150-25-cv-trifasico-4-voltagens/2570886 | C5: Acesso em 01.10.2023 às 19:16 | D5: 436.53 | E5: 26208.43 | F5: =D5+E5 -> 26644.96
F6: =MEDIAN(F4:F5) -> 25783.48
A9: BOMBA Schneider BT4-05 79mm - 1CV
A10: Loja | B10: Link | C10: Acesso | D10: Valor Frete (R$) | E10: Custo Unitário (R$) | F10: Custo Total (R$)
A11: Grupo das Bombas | B11: https://www.grupodasbombas.com.br/bomba-multiestagio-booster-de-aco-inox-schneider-bt4-0507e9-3-4cv-220-380v-trifasico/p | C11: Acesso em 01.10.2023 às 19:25 | D11: 158.48 | E11: 3696.42 | F11: =D11+E11 -> 3854.9
A12: RR Motors | B12: https://www.rrbombasemotores.com.br/produtos/bomba-centrifuga-multi-bt4-0510e12-1cv-trifasico-schneider/ | C12: Acesso em 01.10.2023 às 19:25 | D12: 184.93 | E12: 3037 | F12: =D12+E12 -> 3221.93
F13: =MEDIAN(F11:F12) -> 3538.415
A16: Bucha de redução sold. Longa 85x60mm
A17: Loja | B17: Link | C17: Acesso | D17: Valor Frete (R$) | E17: Custo Unitário (R$) | F17: Custo Total (R$)
A18: Aquafort | B18: https://www.acquafort.com.br/buchasoldavel85x60longa-/p?idsku=5735&gclid=Cj0KCQjw1OmoBhDXARIsAAAYGSGM4ie66ofQn9Z8ozFASdDCc9sxOUl7hxtOAHKakRuB5S4B4UuSD-gaAke5EALw_wcB | C18: Acesso em 01.10.2023 às 18:50 | D18: 0 | E18: 19.76 | F18: =D18+E18 -> 19.76
A19: Magazine Luiza | B19: https://www.magazineluiza.com.br/bucha-de-reducao-soldavel-longa-85-x-60mm-amanco/p/ceke5bjk08/cj/buhi/?seller_id=decarnetbr&utm_source=google&utm_medium=pla&utm_campaign=&partner_id=73499&gclid=Cj0KCQjw1OmoBhDXARIsAAAYGSHBwVl-htWM1kkgr66agKEzhon2TfhQwKpoBdwp2FWDai3D1EVxLEsaAhlfEALw_wcB&gclsrc=aw.ds | C19: Acesso em 01.10.2023 às 18:51 | D19: 0 | E19: 22.34 | F19: =D19+E19 -> 22.34
A20: Leroy Merlin | B20: https://www.leroymerlin.com.br/bucha-de-reducao-krona-longa-85-x-60mm_1567508683?region=outros&gclid=Cj0KCQjw1OmoBhDXARIsAAAYGSE7M2gJ_UpIH239tSi3eC64nLDGL4goWg4kNX6Nvna-tBVL6cv5sSsaAkPZEALw_wcB | C20: Acesso em 01.10.2023 às 18:51 | D20: 0 | E20: 26.87 | F20: =D20+E20 -> 26.87
F21: =MEDIAN(F18:F20) -> 22.34
A23: Quadro de comando de incêndio bomba de 25cv e jockey 3cv
A24: Loja | B24: Link | C24: Acesso | D24: Valor Frete (R$) | E24: Custo Unitário (R$) | F24: Custo Total (R$)
A25: Mercado Livre | B25: https://produto.mercadolivre.com.br/MLB-2655043253-painel-para-bomba-estrela-triangulo-25-cv-e-jockey-3-cv-220v-_JM | C25: Acesso em 08.11.2023 às 21:59 | D25: 205 | E25: 3680 | F25: =D25+E25 -> 3885
F26: =MEDIAN(F25:F25) -> 3885
A29: Central de alarme de incêndio convencional 24 setores (12V) com bateria
A30: Loja | B30: Link | C30: Acesso | D30: Valor Frete (R$) | E30: Custo Unitário (R$) | F30: Custo Total (R$)
A31: Eletrorastro | B31: https://www.eletrorastro.com.br/produto/central-de-alarme-de-incendio-convencional-24-setores-12v-com-bateria-26824-segurimax-83562?utm_source=google&utm_medium=cpc&utm_campaign=&gad_source=1&gclid=Cj0KCQiAo7KqBhDhARIsAKhZ4uiCfIR8508sq6__XZnSYFw-VOAsb10DeilcfOyBGs-8fdt5-gHT87caAnv6EALw_wcB | C31: Acesso em 09.11.2023 às 07:50 | D31: 34.72 | E31: 613.36 | F31: =D31+E31 -> 648.08
A32: Area Distribuidora | B32: https://www.eletricaarea.com.br/seguranca-e-comunicacao/central-alarme-incendio-convencional-24-setores?parceiro=1263&utm_source=google&utm_medium=cpc&utm_campaign=[CMLO]%20[Pmax]%20[Vendas]%20[%20Max%20conv]%2005/09&utm_content=&utm_term=&gad_source=1&gclid=Cj0KCQiAo7KqBhDhARIsAKhZ4ujiQ7euyA31fByB6KW0Z2g_72qiTWp7aDiC4tGis2wnr7gzoPwojm0aAo7jEALw_wcB | C32: Acesso em 09.11.2023 às 07:50 | D32: 24.53 | E32: 642.4 | F32: =D32+E32 -> 666.93
A33: Magazine Luiza | B33: https://www.magazineluiza.com.br/central-de-alarme-de-incendio-convencional-24-setores-12v-com-bateria-26824-segurimax/p/fhk3f8c280/cj/alre/?&seller_id=eletrorastrooficial&utm_source=google&utm_medium=pla&utm_campaign=&partner_id=73499&gad_source=1&gclid=Cj0KCQiAo7KqBhDhARIsAKhZ4ugsQF6Qw7fe3KJGTQLVNf3hkxkD0RHvlVKJrmUAHKHWSp0cKIMFFg8aAh3LEALw_wcB&gclsrc=aw.ds | C33: Acesso em 09.11.2023 às 07:50 | D33: 0 | E33: 870.97 | F33: =D33+E33 -> 870.97
F34: =MEDIAN(F31:F33) -> 666.93
A37: Acionador manual com sirene convencional 12/24V
A38: Loja | B38: Link | C38: Acesso | D38: Valor Frete (R$) | E38: Custo Unitário (R$) | F38: Custo Total (R$)
A39: Eletrorastro | B39: https://www.eletrorastro.com.br/produto/acionador-manual-com-sirene-convencional-12-24v-27706-segurimax-83561 | C39: Acesso em 09.11.2023 às 08:15 | D39: =ROUND(35.28/7,2) -> 5.04 | E39: 52.1 | F39: =D39+E39 -> 57.14
A40: Area Distribuidora | B40: https://www.eletricaarea.com.br/seguranca-e-comunicacao/acionador-manual-com-sirene-1224v-convencional | C40: Acesso em 09.11.2023 às 08:15 | D40: =ROUND(24.53/7,2) -> 3.5 | E40: 48.2 | F40: =D40+E40 -> 51.7
A41: Magazine Luiza | B41: https://www.magazineluiza.com.br/botoeira-acionador-manual-de-alarme-incendio-com-sirene-12v-segurimax/p/jjj932e9g5/pi/bami/ | C41: Acesso em 09.11.2023 às 08:15 | D41: =ROUND(13.85/7,2) -> 1.98 | E41: 54.9 | F41: =D41+E41 -> 56.88
F42: =MEDIAN(F39:F41) -> 56.88
A45: Sirene audiovisual
A46: Loja | B46: Link | C46: Acesso | D46: Valor Frete (R$) | E46: Custo Unitário (R$) | F46: Custo Total (R$)
A47: Mercado Livre | B47: https://www.mercadolivre.com.br/sinalizador-audiovisual-convencional-intelbras-sav-420-c/p/MLB21742617?from=gshop&matt_tool=94824937&matt_word=&matt_source=google&matt_campaign_id=14302215546&matt_ad_group_id=130580035630&matt_match_type=&matt_network=g&matt_device=c&matt_creative=542969737629&matt_keyword=&matt_ad_position=&matt_ad_type=pla&matt_merchant_id=735098660&matt_product_id=MLB21742617-product&matt_product_partition_id=1801632139836&matt_target_id=aud-2009166904988:pla-1801632139836&gad_source=1&gclid=Cj0KCQiAo7KqBhDhARIsAKhZ4uhB0rhWdxabyLlK92_8C9rvY3C18K-ftdcyXuP0vvAlqYaplro6FMAaAjl7EALw_wcB#shipping | C47: Acesso em 09.11.2023 às 20:27 | D47: =ROUND(17.29/7,2) -> 2.47 | E47: 67 | F47: =D47+E47 -> 69.47
A48: NetAlarmes | B48: https://www.netalarmes.com.br/alarme/alarme-de-incendio/sinalizador-audiovisual-convencional-intelbras-sav-420-c?parceiro=8046&parceiro=8764&gad_source=4&gclid=Cj0KCQiAo7KqBhDhARIsAKhZ4ujfRGuR5V9dIpnxZ5wjody1iUjk8L0uy6ytPyd8EZeZmOHuGduir8UaAoj0EALw_wcB | C48: Acesso em 09.11.2023 às 20:27 | D48: =ROUND(16.82/7,2) -> 2.4 | E48: 60.78 | F48: =D48+E48 -> 63.18
A49: Multiseg | B49: https://www.multiseg.com.br/2798/sinalizador-audiovisual-24v-ip20-convencional-?gclid=Cj0KCQiAo7KqBhDhARIsAKhZ4uiuoAjDDCMEGhuzVR-JU0pB1Q-wh4InkXM_7STCwLLNDH5Tr3iRwNkaAggfEALw_wcB | C49: Acesso em 09.11.2023 às 20:27 | D49: =ROUND(11.69/7,2) -> 1.67 | E49: 87.8 | F49: =D49+E49 -> 89.47
F50: =MEDIAN(F47:F49) -> 69.47
A53: Cabo para alarme/detecção incêndio 1x2x1,00mm²
A54: Loja | B54: Link | C54: Acesso | D54: Valor Frete (R$) | E54: Custo Unitário (R$) | F54: Custo Total (R$)
A55: Conduscamp | B55: https://loja.conduscamp.com.br/produto/cabo-para-alarmedeteccao-incendio-1x2x100mm%c2%b2-vermelho/5415751?idSku=5937960 | C55: Acesso em 09.11.2023 às 08:58 | D55: =ROUND(32.51/234.2,2) -> 0.14 | E55: 3.8 | F55: =D55+E55 -> 3.94
F56: =MEDIAN(F55:F55) -> 3.94
A59: Mangueira para mangotinho 1" com esguicho - 30 metros
A60: Loja | B60: Link | C60: Acesso | D60: Valor Frete (R$) | E60: Custo Unitário (R$) | F60: Custo Total (R$)
A61: Multiseg | B61: https://www.multiseg.com.br/4748/mangueira-mangotinho-c-esguicho-1-x-30m | C61: Acesso em 21.11.2023 às 16:06 | D61: 38.21 | E61: 740.94 | F61: =D61+E61 -> 779.15
A62: Fadef | B62: https://lojafadef.com.br/produtos/mangueira-de-incendio-semirrigida-1-mangotinho-30-metros-rigidflex/?variant=633193118&pf=mc | C62: Acesso em 22.11.2023 às 10:51 | D62: 33.64 | E62: 878 | F62: =D62+E62 -> 911.64
F63: =MEDIAN(F61:F62) -> 845.395
